 Dungeon Crawl Stone Soup version 0.22-a0-447-gee5f7238b3 (webtiles) character file.

320 Kriby the Poker (level 6, 0/47 HPs)
             Began as a Merfolk Skald on June 3, 2018.
             Slain by bogue1979's ghost (11 damage)
             ... on level 4 of the Dungeon.
             The game lasted 00:04:31 (4465 turns).

Kriby the Poker (Merfolk Skald)                     Turns: 4465, Time: 00:04:31

Health: 0/47       AC:  6    Str: 13    XL:     6   Next: 46%
Magic:  9/9        EV: 11    Int: 13    God:
Gold:   148        SH:  0    Dex: 13    Spells: 8/9 levels left

rFire    . . .     SeeInvis .   n - +0 halberd
rCold    . . .     Gourm    .   (shield currently unavailable)
rNeg     . . .     Faith    .   f - +0 scale mail
rPois    .         Spirit   .   (no helmet)
rElec    .         Reflect  .   (no cloak)
rCorr    .         Harm     .   (no gloves)
MR       .....                  (no boots)
Stlth    ..........             p - amulet of regeneration
HPRegen  0.55/turn              (no ring)
MPRegen  0.11/turn              (no ring)

@: about to teleport
A: change form in water, swift swim, stealthy swim
a: no special abilities


You were on level 4 of the Dungeon.
You were hungry.

You visited 1 branch of the dungeon, and saw 5 of its levels.

You collected 148 gold pieces.

Inventory:

Hand Weapons
 a - a +0 spear
 g - a +0 trident
 n - a +0 halberd (weapon)
Armour
 b - a +0 leather armour
 f - a +0 scale mail (worn)
Jewellery
 p - an amulet of regeneration (around neck)
 t - a cursed -3 ring of evasion {unknown}
Scrolls
 c - 3 scrolls of immolation
 e - a scroll of remove curse {unknown}
 h - 2 scrolls of identify {unknown}
 i - 2 scrolls of teleportation {@r3}
 j - 3 scrolls of magic mapping {unknown}
 k - a scroll of enchant weapon {unknown}
 m - 2 scrolls of fog {unknown}
 o - a scroll of fear {unknown}
 q - 2 scrolls of amnesia {unknown}
 r - a scroll of random uselessness {unknown}
Potions
 l - 2 potions of curing {@q1}
Comestibles
 d - 5 rations {@e1}


   Skills:
 + Level 3.5 Fighting
 * Level 6.1 Polearms
 - Level 0.6 Armour
 * Level 5.5 Dodging
 - Level 2.0 Spellcasting
 + Level 4.1 Charms


You had 8 spell levels left.
You knew the following spells:

 Your Spells              Type           Power        Failure   Level  Hunger
a - Infusion              Chrm           ##..         22%         1    ##.....

Your spell library contained the following spells:

 Spells                   Type           Power        Failure   Level  Hunger
 Regeneration             Chrm/Necr      #.........   85%         3    ####...
 Shroud of Golubria       Chrm/Tloc      #.........   63%         2    ###....
 Song of Slaying          Chrm           ##......     34%         2    ###....
 Spectral Weapon          Hex/Chrm       #.......     85%         3    ####...


Dungeon Overview and Level Annotations

Branches:
Dungeon (5/15)
 Temple: D:4-7

Altars:
Makhleb
The Shining One

Annotations:
D:4 bogue1979's ghost, amateur MiFi


Message History

There is a stone staircase leading down here.
Bogue1979's ghost hits you!
You climb downwards.
An orc and an orc priest come into view.
The orc shouts!
The orc priest shouts!
You hear a shout! x2
You hear an angry hiss.
There is a stone staircase leading up here.
The orc hits you with a club.
You climb upwards.
Level annotation: bogue1979's ghost, amateur MiFi Bogue1979's ghost hits you! x2
There is a stone staircase leading down, spattered with blood here.
You hit the orc.
The orc is heavily wounded.
Bogue1979's ghost hits you!
* * * LOW HITPOINT WARNING * * *
The orc hits you but does no damage.
As you read the scroll of teleportation {@r3}, it crumbles to dust.
You feel strangely unstable. Bogue1979's ghost hits you!
You die...

#.## ##............. ##.##
##.###.####...## ##.###.##
#.###.....# ##.#.## #........##
##.## #######.### ..# #.# #.# #
#.# #.# #.# # #.# #W# ##'### #.#
#@# ##...## # #.# #o#### ##.....#
# ##. #.# #.##.## ##.......
####...##.######.#...####........
'.......................'........
####...##.######.#...####........
# ##.###.#### #.##.## ##.......
#.......# #.#### ##.....#
#.#..##.# #.# ##...##


You could see bogue1979's ghost and an orc.

Vanquished Creatures
  2 hounds (D:4)
  2 orc wizards
  2 worker ants
  3 gnolls (D:4)
  4 adders
  An adder skeleton (D:4)
  A dart slug (D:1)
  4 leopard geckos
  9 orcs
  3 giant cockroaches
  4 goblins
  9 hobgoblins
  3 jackals (D:1)
  10 kobolds
  3 quokkas
  2 ball pythons
  8 bats
  3 frilled lizards
  10 rats
83 creatures vanquished.

Notes
Turn   | Place    | Note
-------+----------+-------------------------------------------
     0 | D:1      | Kriby the Merfolk Skald began the quest for the Orb.
     0 | D:1      | Reached XP level 1. HP: 16/16 MP: 3/3
   353 | D:1      | Reached XP level 2. HP: 23/23 MP: 5/5
  1016 | D:2      | Reached XP level 3. HP: 23/28 MP: 4/6
  1114 | D:2      | Reached skill level 4 in Polearms
  1487 | D:2      | Reached XP level 4. HP: 21/34 MP: 3/7
  2562 | D:2      | Reached skill level 5 in Polearms
  2562 | D:2      | Reached XP level 5. HP: 19/41 MP: 1/8
  3230 | D:3      | Reached skill level 5 in Dodging
  3661 | D:4      | Reached XP level 6. HP: 40/47 MP: 9/9
  3801 | D:4      | Reached skill level 6 in Polearms
  4066 | D:4      | Found a burning altar of Makhleb.
  4066 | D:4      | Found a glowing golden altar of the Shining One.
  4322 | D:4      | Noticed bogue1979's ghost (amateur MiFi)
  4461 | D:5      | Entered Level 5 of the Dungeon
  4465 | D:4      | Slain by bogue1979's ghost

Vault maps used:
D:1:      roderic_crop_circles_arrival_small
D:2:      kennysheep_generic_room_4
D:4:      gammafunk_temple_overflow_statue, roderic_roman_lattice,
          kennysheep_generic_room_11
D:5:      chequers_temple_overflow_minitemple, elyvilon_altar_1, first_ration,
          uniq_duvessa, uniq_menkaure, uniq_grinder

Skill      XL: |  1  2  3  4  5  6 |
---------------+-------------------+-----
Dodging        | 3 4 5 |  5.5
Polearms       | 4 5 6 |  6.1
Fighting       | 3 |  3.5
Charms         | 4 |  4.1
Armour         | |  0.6
Spellcasting   | |  2.0

Action                   |  1- 3 |  4- 6 || total
-------------------------+-------+-------++-------
Melee: Spear             |   120 |   177 ||   297
       Trident           |       |    22 ||    22
       Halberd           |       |    26 ||    26
 Cast: Infusion          |     4 |    13 ||    17
  Use: Potion            |     1 |     1 ||     2
       Scroll            |       |     3 ||     3
 Stab: Sleeping          |     1 |       ||     1
  Eat: Chunk             |     2 |     9 ||    11
Armor: Leather armour    |     9 |       ||     9
       Scale mail        |    22 |    87 ||   109
Dodge: Dodged            |    47 |   107 ||   154

Table legend:
 A = Spawn XP
 B = Non-spawn XP
 C = Spawn XP percentage of total XP
 D = Spawn monster count
 E = Non-spawn monster count
 F = Spawn count percentage of total count
 G = Total turns spent on level
                    A         B        C        D         E        F      G
               +---------+---------+-------+---------+---------+-------+---------
         Total |       0 |     458 |   0.0 |       0 |      83 |   0.0 |  4465
               +---------+---------+-------+---------+---------+-------+---------
           D:1 |       0 |      32 |   0.0 |       0 |      19 |   0.0 |   980
           D:2 |       0 |     165 |   0.0 |       0 |      34 |   0.0 |  2027
           D:3 |       0 |      84 |   0.0 |       0 |      19 |   0.0 |   614
           D:4 |       0 |     177 |   0.0 |       0 |      11 |   0.0 |   842
               +---------+---------+-------+---------+---------+-------+---------
